AoeStats
← Ernst paul

Black Forest

509929401Analyzed
2v2 RM · 4d ago on Sep 28, 2026· 24m 40s· 4 players
Game mode
Random Map
Map size
Medium (4 player)
Population
200
Speed
Normal
Resources
Standard
Victory
Conquest
Starting age
Dark Age
Ending age
Imperial Age
RankedLock teamsTeams togetherTeam positionsShared explorationLock speedFull tech treeHidden civsTurbo modeCheats
Victory
Defeat
🇨🇳 Bulgarians · China
867
+16
🇧🇪 Ethiopians · Belgium
824
+18
🇦🇷 Bulgarians · Argentina
892
-18
🇦🇷 Sicilians · Argentina
845
-16
Ernst paul
0:57 Loom
10:39 Feudal Age
11:08 Double-Bit Axe
17:44 Castle Age
15:55 Horse Collar
19:45 Crossbowman
21:17 Padded Archer Armor
22:59 Fletching
世锦赛冠军
0:33 Loom
12:14 Feudal Age
13:18 Double-Bit Axe
19:22 Castle Age
18:08 Forging
17:59 Scale Mail Armor
21:12 Scale Barding Armor
21:43 Iron Casting
21:21 Bloodlines
TereRey
0:58 Loom
14:42 Feudal Age
17:15 Wheelbarrow
17:13 Double-Bit Axe
17:10 Horse Collar
18:51 Gold Mining
20:55 Stone Mining
Piiro
0:34 Loom
12:36 Feudal Age
13:53 Wheelbarrow
13:32 Horse Collar
13:42 Double-Bit Axe
13:51 Gold Mining
13:53 Stone Mining
21:36 Castle Age
21:11 Gold Mining
21:12 Stone Mining
22:05 Bloodlines
23:18 Stone Shaft Mining
23:24 Gold Shaft Mining
25:15 Bloodlines
Connection lost

Rejoining the realm…

Still unreachable

The connection could not be restored.

Session expired

The server has moved on; the page needs a fresh start.